TOP OF THE 1ST |
El Paso Texans batting - Pitching for Athens Assassins : LHP Ben Newman
|
Pitching: LHP Ben Newman
|
|
Batting: SHB Rick Hinton
|
0-0: Ball 1-0: Ball 2-0: Foul Ball, location: 2F 2-1: Ball 3-1: Base on Balls
|
Batting: LHB William Foley
|
0-0: Fly out, F4 (Popup, 4D)
|
Batting: RHB Marvin Johnson
|
0-0: Ball 1-0: Ball Rick Hinton steals 2nd base 2-0: Ground out 4-3 (Groundball, 4M) Rick Hinton to third
|
Batting: RHB José Murillo
|
0-0: Foul Ball, location: 2F 0-1: Ball 1-1: Foul Ball, location: 2F 1-2: Ball 2-2: Foul Ball, location: 2F 2-2: Foul Ball, location: 2F 2-2: Ball Wild Pitch! Rick Hinton scores 3-2: Foul Ball, location: 2F 3-2: Base on Balls
|
Batting: LHB Roberto Félix
|
0-0: Fly out, F7 (Flyball, 7)
|
Top of the 1st over - 1 run(s), 0 hit(s), 0 error(s), 1 left on base; El Paso 1 - Athens 0 |
BOTTOM OF THE 1ST |
Athens Assassins batting - Pitching for El Paso Texans : RHP Carlos Díaz
|
Pitching: RHP Carlos Díaz
|
|
Batting: LHB Miguel García
|
0-0: Ball 1-0: SINGLE (Groundball, 4MD)
|
Batting: RHB Luis López
|
0-0: Ball 1-0: Fly out, F7 (Flyball, 7)
|
Batting: LHB José Martínez
|
0-0: Fielders Choice at 2nd, 3-6 (Groundball, 3)
|
Batting: RHB Foster Hapgood
|
0-0: Reached on error, E4 (Groundball, 4) José Martínez to second
|
Batting: LHB Xavier Smith
|
0-0: Ball 1-0: Foul Ball, location: 2F 1-1: SINGLE (Groundball, 34D) José Martínez to third Foster Hapgood to second Runner from 3rd tries for Home, SAFE, throw made home
|
Batting: RHB Don Martin
|
0-0: Ball 1-0: Foul Ball, location: 2F 1-1: Fly out, F9 (Flyball, 9)
|
Bottom of the 1st over - 1 run(s), 2 hit(s), 1 error(s), 2 left on base; El Paso 1 - Athens 1 |
TOP OF THE 2ND |
El Paso Texans batting - Pitching for Athens Assassins : LHP Ben Newman
|
Batting: RHB Javier Álvarez
|
0-0: Called Strike 0-1: Ball 1-1: Foul Ball, location: 2F 1-2: Ground out 6-3 (Groundball, 6MS)
|
Batting: LHB Cipriano Rangel
|
0-0: Called Strike 0-1: Ball 1-1: Foul Ball, location: 2F 1-2: Ball 2-2: DOUBLE (Flyball, 7LM)
|
Batting: SHB Oliver Riley
|
0-0: Ball 1-0: Ball 2-0: Fly out, F8 (Flyball, 78S)
|
Batting: LHB Michael Melton
|
0-0: Called Strike 0-1: Called Strike 0-2: Ball 1-2: Foul Ball, location: 2F 1-2: DOUBLE (Line Drive, 7LM) Cipriano Rangel scores
|
Batting: SHB Rick Hinton
|
0-0: Called Strike 0-1: Ball 1-1: Foul Ball, location: 2F 1-2: Strikes out swinging
|
Top of the 2nd over - 1 run(s), 2 hit(s), 0 error(s), 1 left on base; El Paso 2 - Athens 1 |
BOTTOM OF THE 2ND |
Athens Assassins batting - Pitching for El Paso Texans : RHP Carlos Díaz
|
Batting: RHB Júlio Castillo
|
0-0: Foul Ball, location: 2F 0-1: Ball 1-1: Ball 2-1: Called Strike 2-2: Strikes out swinging
|
Batting: RHB Maximino Abbado
|
0-0: Hit by Pitch
|
Batting: RHB Alfonso Flores
|
0-0: Ball 1-0: Ball 2-0: Foul Ball, location: 2F 2-1: Swinging Strike 2-2: Strikes out swinging
|
Batting: LHB Miguel García
|
0-0: Called Strike 0-1: Ball 1-1: 2-RUN HOME RUN (Line Drive, 9D), Distance : 383 ft
|
Batting: RHB Luis López
|
0-0: Ball 1-0: Ball 2-0: Fly out, F8 (Flyball, 78XD)
|
Bottom of the 2nd over - 2 run(s), 1 hit(s), 0 error(s), 0 left on base; El Paso 2 - Athens 3 |
TOP OF THE 3RD |
El Paso Texans batting - Pitching for Athens Assassins : LHP Ben Newman
|
Batting: LHB William Foley
|
0-0: Ball 1-0: Called Strike 1-1: Foul Ball, location: 2F 1-2: Ground out 1-3 (Groundball, 15)
|
Batting: RHB Marvin Johnson
|
0-0: Foul Ball, location: 2F 0-1: Ground out 6-3 (Groundball, 56)
|
Batting: RHB José Murillo
|
0-0: Ball 1-0: Ground out 6-3 (Groundball, 6M)
|
Top of the 3rd over - 0 run(s), 0 hit(s), 0 error(s), 0 left on base; El Paso 2 - Athens 3 |
BOTTOM OF THE 3RD |
Athens Assassins batting - Pitching for El Paso Texans : RHP Carlos Díaz
|
Batting: LHB José Martínez
|
0-0: Called Strike 0-1: Ball 1-1: Ball 2-1: DOUBLE (Line Drive, 89D)
|
Batting: RHB Foster Hapgood
|
0-0: Foul Ball, location: 2F 0-1: Foul Ball, location: 2F 0-2: Ball Wild Pitch! José Martínez to third 1-2: Strikes out looking
|
Batting: LHB Xavier Smith
|
0-0: Foul Ball, location: 2F 0-1: Ball 1-1: Ball 2-1: Called Strike 2-2: Ball 3-2: Ground out 5-3 (Groundball, 56) José Martínez scores
|
Batting: RHB Don Martin
|
0-0: Called Strike 0-1: Ball 1-1: Ball 2-1: Foul Ball, location: 2F 2-2: Foul Ball, location: 2F 2-2: Reached on error, E6 (Groundball, 6)
|
Batting: RHB Júlio Castillo
|
0-0: Called Strike 0-1: Called Strike 0-2: Ball 1-2: Strikes out looking
|
Bottom of the 3rd over - 1 run(s), 1 hit(s), 1 error(s), 1 left on base; El Paso 2 - Athens 4 |
TOP OF THE 4TH |
El Paso Texans batting - Pitching for Athens Assassins : LHP Ben Newman
|
Batting: LHB Roberto Félix
|
0-0: Ball 1-0: Fly out, F6 (Line Drive, 6)
|
Batting: RHB Javier Álvarez
|
0-0: Ball 1-0: Foul Ball, location: 2F 1-1: Ball 2-1: Swinging Strike 2-2: Strikes out swinging
|
Batting: LHB Cipriano Rangel
|
0-0: Called Strike 0-1: Swinging Strike 0-2: Strikes out swinging
|
Top of the 4th over - 0 run(s), 0 hit(s), 0 error(s), 0 left on base; El Paso 2 - Athens 4 |
BOTTOM OF THE 4TH |
Athens Assassins batting - Pitching for El Paso Texans : RHP Carlos Díaz
|
Batting: RHB Maximino Abbado
|
0-0: Called Strike 0-1: Swinging Strike 0-2: Ball 1-2: Strikes out looking
|
Batting: RHB Alfonso Flores
|
0-0: Ball 1-0: Ball 2-0: Ball 3-0: Called Strike 3-1: Foul Ball, location: 2F 3-2: Foul Ball, location: 2F 3-2: Foul Ball, location: 2F 3-2: Base on Balls
|
Batting: LHB Miguel García
|
0-0: Foul Ball, location: 2F 0-1: Called Strike 0-2: Ball 1-2: DOUBLE (Flyball, 8RM) Alfonso Flores to third
|
Batting: RHB Luis López
|
0-0: Called Strike 0-1: Foul Ball, location: 2F 0-2: Strikes out swinging
|
Batting: LHB José Martínez
|
0-0: Ball 1-0: Swinging Strike 1-1: Ball 2-1: Ground out 3-1 (Groundball, 34S)
|
Bottom of the 4th over - 0 run(s), 1 hit(s), 0 error(s), 2 left on base; El Paso 2 - Athens 4 |
TOP OF THE 5TH |
El Paso Texans batting - Pitching for Athens Assassins : LHP Ben Newman
|
Batting: SHB Oliver Riley
|
0-0: Ball 1-0: Swinging Strike 1-1: Fly out, F8 (Flyball, 8RM)
|
Batting: LHB Michael Melton
|
0-0: Foul Ball, location: 2F 0-1: Called Strike 0-2: Ball 1-2: Foul Ball, location: 2F 1-2: Strikes out swinging
|
Batting: SHB Rick Hinton
|
0-0: Called Strike 0-1: Foul Ball, location: 2F 0-2: Ball 1-2: Fly out, F9 (Flyball, 89S)
|
Top of the 5th over - 0 run(s), 0 hit(s), 0 error(s), 0 left on base; El Paso 2 - Athens 4 |
BOTTOM OF THE 5TH |
Athens Assassins batting - Pitching for El Paso Texans : RHP Carlos Díaz
|
Batting: RHB Foster Hapgood
|
0-0: Ball 1-0: Ball 2-0: Called Strike 2-1: Foul Ball, location: 2F 2-2: Ball 3-2: Base on Balls
|
Batting: LHB Xavier Smith
|
0-0: Foul Ball, location: 2F 0-1: Fly out, F7 (Line Drive, 78S)
|
Batting: RHB Don Martin
|
0-0: Called Strike 0-1: Called Strike 0-2: Foul Ball, location: 2F 0-2: Ball 1-2: Strikes out swinging
|
Pitching: RHP Mike Marks
|
|
Batting: RHB Júlio Castillo
|
0-0: Ball 1-0: Foul Ball, location: 2F 1-1: Ball 2-1: Ball 3-1: Base on Balls Foster Hapgood to second
|
Batting: RHB Maximino Abbado
|
0-0: Called Strike 0-1: Ground out 5-3 (Groundball, 56S)
|
Bottom of the 5th over - 0 run(s), 0 hit(s), 0 error(s), 2 left on base; El Paso 2 - Athens 4 |
TOP OF THE 6TH |
El Paso Texans batting - Pitching for Athens Assassins : LHP Ben Newman
|
Batting: LHB William Foley
|
0-0: Ball 1-0: Foul Ball, location: 2F 1-1: Fly out, F3 (Line Drive, 3)
|
Batting: RHB Marvin Johnson
|
0-0: Swinging Strike 0-1: Ball 1-1: Called Strike 1-2: Strikes out swinging
|
Batting: RHB José Murillo
|
0-0: Called Strike 0-1: Ball 1-1: Ball 2-1: Ball 3-1: SINGLE (Flyball, 8LS)
|
Batting: LHB Roberto Félix
|
0-0: Foul Ball, location: 2F 0-1: Ball 1-1: SINGLE (Line Drive, 6MD) José Murillo to second
|
Pitching: RHP Kieron Lahyani
|
|
Batting: RHB Javier Álvarez
|
0-0: Called Strike 0-1: Foul Ball, location: 2F 0-2: Ball Wild Pitch! José Murillo to third Roberto Félix to second 1-2: Ground out 6-3 (Groundball, 6)
|
Top of the 6th over - 0 run(s), 2 hit(s), 0 error(s), 2 left on base; El Paso 2 - Athens 4 |
BOTTOM OF THE 6TH |
Athens Assassins batting - Pitching for El Paso Texans : RHP Mike Marks
|
Batting: RHB Alfonso Flores
|
0-0: Foul Ball, location: 2F 0-1: Swinging Strike 0-2: Foul Ball, location: 2F 0-2: Ball 1-2: Ball 2-2: Ground out 5-3 (Groundball, 5)
|
Batting: LHB Miguel García
|
0-0: Foul Ball, location: 2F 0-1: SINGLE (Line Drive, 34D)
|
Batting: RHB Luis López
|
0-0: Ball 1-0: Called Strike 1-1: Ball 2-1: Foul Ball, location: 2F 2-2: Foul Ball, location: 2F 2-2: DOUBLE (Flyball, 8RM) Miguel García to third
|
Batting: LHB José Martínez
|
0-0: Ball 1-0: Called Strike 1-1: Foul Ball, location: 2F 1-2: Strikes out looking
|
Batting: RHB Foster Hapgood
|
0-0: Called Strike 0-1: Called Strike 0-2: Strikes out looking
|
Bottom of the 6th over - 0 run(s), 2 hit(s), 0 error(s), 2 left on base; El Paso 2 - Athens 4 |
TOP OF THE 7TH |
El Paso Texans batting - Pitching for Athens Assassins : RHP Kieron Lahyani
|
Batting: LHB Cipriano Rangel
|
0-0: Ball 1-0: Fly out, F7 (Flyball, 78D)
|
Batting: SHB Oliver Riley
|
0-0: Called Strike 0-1: Swinging Strike 0-2: Ball 1-2: Ball 2-2: DOUBLE (Line Drive, 78D)
|
Batting: LHB Michael Melton
|
0-0: Ball Oliver Riley steals 3rd base 1-0: Ball 2-0: Called Strike 2-1: Foul Ball, location: 2F 2-2: Foul Ball, location: 2F 2-2: Ground out 4-3 (Groundball, 4M) Oliver Riley scores
|
Batting: SHB Rick Hinton
|
0-0: Fly out, F8 (Flyball, 8RM)
|
Top of the 7th over - 1 run(s), 1 hit(s), 0 error(s), 0 left on base; El Paso 3 - Athens 4 |
BOTTOM OF THE 7TH |
Athens Assassins batting - Pitching for El Paso Texans : RHP Mike Marks
|
Batting: LHB Xavier Smith
|
0-0: Foul Ball, location: 2F 0-1: Swinging Strike 0-2: Strikes out swinging
|
Batting: RHB Don Martin
|
0-0: Foul Ball, location: 2F 0-1: Foul Ball, location: 2F 0-2: Ground out 4-3 (Groundball, 4M)
|
Batting: RHB Júlio Castillo
|
0-0: Ball 1-0: Fly out, F7 (Line Drive, 7)
|
Bottom of the 7th over - 0 run(s), 0 hit(s), 0 error(s), 0 left on base; El Paso 3 - Athens 4 |
TOP OF THE 8TH |
El Paso Texans batting - Pitching for Athens Assassins : RHP Kieron Lahyani
|
Pitching: LHP Mario López
|
|
Now at 1B: Justin Tomlinson
|
|
Now in LF: Jeff Thompson
|
|
Batting: LHB William Foley
|
0-0: Swinging Strike 0-1: Foul Ball, location: 2F 0-2: Ground out 4-3 (Groundball, 4)
|
Batting: RHB Marvin Johnson
|
0-0: Fly out, F8 (Flyball, 8RM)
|
Batting: RHB José Murillo
|
0-0: Swinging Strike 0-1: Ball 1-1: Fly out, F2 (Popup, 13S)
|
Top of the 8th over - 0 run(s), 0 hit(s), 0 error(s), 0 left on base; El Paso 3 - Athens 4 |
BOTTOM OF THE 8TH |
Athens Assassins batting - Pitching for El Paso Texans : RHP Mike Marks
|
Batting: RHB Maximino Abbado
|
0-0: Ball 1-0: Called Strike 1-1: Called Strike 1-2: Strikes out looking
|
Batting: RHB Alfonso Flores
|
0-0: Foul Ball, location: 2F 0-1: Ball 1-1: Ground out 5-3 (Groundball, 56)
|
Pitching: RHP Ralph Miller
|
|
Batting: LHB Miguel García
|
0-0: Called Strike 0-1: SINGLE (Flyball, 8RS)
|
Pinch Hitting: LHB Brian Turner
|
0-0: Ball Miguel García is caught stealing 2nd base
|
Bottom of the 8th over - 0 run(s), 1 hit(s), 0 error(s), 0 left on base; El Paso 3 - Athens 4 |
TOP OF THE 9TH |
El Paso Texans batting - Pitching for Athens Assassins : LHP Mario López
|
Pitching: RHP León Delgado
|
|
Now at 3B: Xavier Silva
|
|
Batting: LHB Roberto Félix
|
0-0: Called Strike 0-1: Swinging Strike 0-2: Fly out, F2 (Popup, 25)
|
Batting: RHB Javier Álvarez
|
0-0: Ball 1-0: Ball 2-0: Foul Ball, location: 2F 2-1: Fly out, F9 (Flyball, 9LM)
|
Pinch Hitting: RHB John Wilson
|
0-0: Foul Ball, location: 2F 0-1: Ball 1-1: Called Strike 1-2: Strikes out swinging
|
Top of the 9th over - 0 run(s), 0 hit(s), 0 error(s), 0 left on base; El Paso 3 - Athens 4 |
|